 Dungeon Crawl Stone Soup version 0.30.1-11-g7821555f0a (webtiles) character file.

Game seed: 7503923994510545441

22 comborobin the Sneak (level 2, -1/27 HPs)
             Began as a Hill Orc Delver on Dec 24, 2023.
             Slain by a hound (2 damage)
             ... on level 5 of the Dungeon.
             The game lasted 00:00:29 (176 turns).

comborobin the Sneak (Hill Orc Delver)               Turns: 176, Time: 00:00:30

Health: -1/27      AC:  3    Str: 14    XL:     2   Next: 91%
Magic:  2/2        EV: 11    Int: 10    God:
Gold:   0          SH:  0    Dex: 12    Spells: 1/1 levels left

rFire   . . .        a - +0 hand axe
rCold   . . .        (no shield)
rNeg    . . .        b - +0 leather armour
rPois   .            (no helmet)
rElec   .            (no cloak)
rCorr   .            (no gloves)
SInv    .            (no boots)
Will    .....        (no amulet)
Stlth   ++           (no ring)
HPRegen 0.24/turn    (no ring)
MPRegen 0.08/turn

%: no passive effects
@: no status effects
A: no striking features
a: no special abilities


You were on level 5 of the Dungeon.
You visited 1 branch of the dungeon, and saw 2 of its levels.
You also visited: Ossuary.

Inventory:

Hand Weapons
 a - a +0 hand axe (weapon)
Armour
 b - a +0 leather armour (worn)
Wands
 g - a wand of digging (3)
Scrolls
 c - a scroll of fog
 d - a scroll of vulnerability {unknown}
 e - a scroll of fear


   Skills:
 + Level 4.0 Fighting
 + Level 3.2 Axes
 + Level 1.9 Dodging
 + Level 4.3 Stealth


You had one spell level left.
You didn't know any spells.
Your spell library was empty.

Dungeon Overview and Level Annotations

Branches:
Dungeon (6/15)            Ossuary (visited)
 Temple: D:4-7

Altars:


Message History

The hound closely misses you. The hound barely misses you.
You miss the hound.
The hound is lightly wounded.
The hound bites you but does no damage.
You hit the hound but do no damage.
The hound is lightly wounded.
You hear the rusting of a very distant drain.
The hound bites you but does no damage. x2
You barely miss the hound.
The hound is lightly wounded.
The hound bites you. The hound bites you but does no damage.
You barely miss the hound.
The hound is lightly wounded.
The hound barely misses you.
You hit the hound but do no damage.
The hound is lightly wounded.
The hound bites you. x2
You closely miss the hound.
The hound is lightly wounded.
The hound bites you.
You miss the hound.
The hound is lightly wounded.
The hound bites you.
* * * LOW HITPOINT WARNING * * *
The hound bites you.
* * * LOW HITPOINT WARNING * * *
You are too injured to fight recklessly!
You closely miss the hound.
The hound is lightly wounded.
The hound closely misses you. The hound bites you but does no damage.
You are too injured to fight recklessly!
You hit the hound.
The hound is moderately wounded.
The hound bites you.
* * * LOW HITPOINT WARNING * * *
The hound completely misses you.
You hit the hound.
The hound is moderately wounded.
The hound bites you.
You die...

##....##..,*,,,,,,**,,,,,
###..........#,*#..,,,,,,,,
#...>.#.......*,...,,,,,,,,
##....##...#.##..##,,,,,,,*
##....#..##..#.!.##,,,,,**
###..##...........,,,8,,,
##.....##........,*,,,,,
##................,**,,,,
#.<##...@h.....$..,,*,,,,
#...#....#........,,,,,,,
##.....#.#..#.>...,*,,,,,
#......#.........,**,,*,
#......#.........,***,*,
#................,,,,,,,
##.....#.....#.##*,**,,,
#.....##....#..,,,,*,,,
#######*.....,,,,,**,,,


You could see a hound.

Vanquished Creatures
  A hound zombie (Ossuary)
  An adder zombie (Ossuary)
  2 gnoll zombies (Ossuary)
  2 rat zombies (Ossuary)
6 creatures vanquished.

Notes
Turn   | Place    | Note
-------+----------+-------------------------------------------
     0 | D:5      | comborobin the Hill Orc Delver began the quest for the Orb.
     0 | D:5      | Reached XP level 1. HP: 19/19 MP: 1/1
    10 | D:5      | Found a sand-covered staircase.
    20 | Ossuary  | Entered an ossuary
    32 | Ossuary  | Reached XP level 2. HP: 12/27 MP: 2/2
    35 | Ossuary  | HP: 1/27 [hound zombie (1)]
   175 | D:5      | HP: 1/27 [hound (3)]
   176 | D:5      | Slain by a hound

Illustrated notes

Levels and vault maps discovered:
D:5:      layout_cave_pools, serial_column_ruins, column_ruins_temple_hall,
          column_ruins_circle_small, column_ruins_grid_1,
          column_ruins_corridor_plus, column_ruins_columns_corner,
          column_ruins_open_tiny, column_ruins_grid_1,
          lightli_sewer_entry_pipes, enter_ossuary_1, skrybe_limestone_x,
          roderic_batcave, uniq_ijyb
D:6:      black_bear_nest_1, layout_loops_ring, overflow_temple_1_default,
          uniq_pikel

Skill      XL: |  1  2 |
---------------+-------+-----
Axes           | 3 |  3.2
Fighting       | 4 |  4.0
Dodging        | |  1.9
Stealth        | |  4.3

Action                     || total
---------------------------++-------
  Melee: Hand axe          ||    22
    Use: Potion            ||     2
         Scroll            ||     1
 Armour: Leather armour    ||    19
  Dodge: Dodged            ||    29
